 Dungeon Crawl Stone Soup version 0.26-a0-540-g8a0c9464d7 (webtiles) character file.

Game seed: 16532033599890667591

28578 slayr the Martial Artist (level 13, 0/123 HPs)
             Began as a Naga Transmuter on Aug 21, 2020.
             Was a High Priest of Okawaru.
             Slain by a yak (1 damage)
             ... led by a torpor snail
             ... while petrified by a basilisk
             ... on level 4 of the Lair of Beasts.
             The game lasted 01:03:04 (19894 turns).

slayr the Martial Artist (Naga Transmuter)         Turns: 19894, Time: 01:03:05

Health: 0/123      AC:  6    Str: 12    XL:     13   Next: 39%
Magic:  0/27       EV:  1    Int: 13    God:    Okawaru [*****.]
Gold:   876        SH:  0    Dex: 19    Spells: 1/18 levels left

rFire    + . .     SeeInvis +     - Unarmed
rCold    + . .     Faith    .   (shield currently unavailable)
rNeg     + + +     Spirit   +   K - +2 leather armour {rF+}
rPois    ∞         Reflect  .   g - +0 helmet
rElec    .         Harm     .   m - +1 cloak
rCorr    .         Clarity  +   (gloves currently unavailable)
MR       +....                  (no barding)
Stlth    ++........             w - amulet of Bithries {Spirit *Corrode +Fly Dex+3}
HPRegen  0.30/turn              f - +4 ring of protection
MPRegen  0.20/turn              t - ring of magical power

@: short of breath, blade hands (expiring), petrified, corroded, very slow
A: large, stinger 1, molten scales 1, see invisible, clarity, cold resistance 1,
deformed body, poison resistance, slowness 2, spit poison 2, weak 1, evolution
1, constrict 1, AC +4
a: Breathe Poison Gas, End Transformation, Heroism, Finesse, Renounce Religion,
Evoke Flight


You were on level 4 of the Lair of Beasts.
You worshipped Okawaru.
Okawaru was extremely pleased with you.
You had blades for hands.
You visited 2 branches of the dungeon, and saw 15 of its levels.
You also visited: Volcano.

You collected 876 gold pieces.

Inventory:

Missiles
 h - 65 stones (quivered)
 C - 13 atropa-tipped darts
Armour
 g - a +0 helmet (worn)
 m - a +1 cloak (worn)
 z - a +0 pair of gloves (melded)
 K - a +2 leather armour of fire resistance (worn)
 L - a +2 tower shield of protection
 O - a +1 kite shield of fire resistance
Jewellery
 a - an uncursed ring of resist corrosion
 f - a +4 ring of protection (left scythe-like blade)
 t - a ring of magical power (right scythe-like blade)
 w - the amulet of Bithries (around neck) {Spirit *Corrode +Fly Dex+3}
   (You found it on level 4 of the Lair of Beasts)

   [amulet of guardian spirit]

   It causes incoming damage to be split between your health and magic.
   It affects your dexterity (+3).
   It lets you fly.
   It may corrode you when you take damage.
 H - an uncursed ring of fire
 N - an uncursed ring of ice
Wands
 l - a wand of random effects (9)
 o - a wand of paralysis (36)
 q - a wand of iceblast (12)
 r - a wand of disintegration (8)
 x - a wand of flame (12)
 Q - a wand of acid (10)
Scrolls
 c - a scroll of magic mapping
 d - 3 scrolls of blinking
 k - 8 scrolls of remove curse
 n - 3 scrolls of teleportation
 s - 2 scrolls of enchant armour
 v - 3 scrolls of fear
 y - 3 scrolls of identify
 B - 4 scrolls of enchant weapon
 E - a scroll of fog
 I - a scroll of amnesia
 M - 2 scrolls of immolation
Potions
 b - a potion of might
 e - 12 potions of curing
 i - 2 potions of resistance
 j - a potion of cancellation
 p - 2 potions of haste
 u - a potion of flight
 D - 2 potions of stabbing
 F - a potion of ambrosia
 J - 2 potions of magic
 P - a potion of brilliance
Miscellaneous
 A - a box of beasts (3/3)
 G - a lightning rod (4/4)


   Skills:
 + Level 10.3 Fighting
 + Level 5.7 Armour
 + Level 6.1 Dodging
 - Level 3.4 Stealth
 * Level 12.2 Unarmed Combat
 + Level 3.2 Spellcasting
 + Level 10.0 Transmutations
 - Level 4.3 Poison Magic
 - Level 7.0 Invocations


You had one spell level left.
You knew the following spells:

 Your Spells              Type           Power        Failure   Level
b - Wereblood             Tmut           ####....     13%         2
c - Spider Form           Tmut/Pois      ###.......   32%         3
d - Blade Hands           Tmut           ####......   52%         5
e - Ice Form              Ice/Tmut       ###.....     78%         4
f - Ignite Poison         Fire/Tmut/Pois ##......     50%         3

Your spell library contained the following spells:

 Spells                   Type           Power        Failure   Level
 Beastly Appendage        Tmut           ####..       12%         1
 Animate Skeleton         Necr           #.....       71%         1
 Apportation              Tloc           #.....       71%         1
 Corona                   Hex            #......      71%         1
 Pain                     Necr           #...         71%         1
 Sandblast                Erth           #.....       71%         1
 Summon Small Mammal      Summ           #...         71%         1
 Passwall                 Tmut/Erth      ###.....     34%         2
 Petrify                  Tmut/Erth      ###.....     78%         4
 Alistair's Intoxication  Tmut/Pois      ###......    80%         5
 Corpse Rot               Necr/Air       N/A          82%         2
 Sublimation of Blood     Necr           #.........   82%         2
 Hydra Form               Tmut           ####......   91%         6
 Confusing Touch          Hex            #.......     94%         3
 Gell's Gravitas          Tloc           #.........   94%         3
 Stone Arrow              Conj/Erth      #.....       94%         3
 Vampiric Draining        Necr           #.........   94%         3
 Irradiate                Conj/Tmut      ###.......   96%         5
 Yara's Violent Unravell  Hex/Tmut       ###.......   96%         5
 Eringya's Noxious Bog    Tmut/Pois      ###.......   99%         6
 Animate Dead             Necr           #.........   100%        4
 Agony                    Necr           #.......     100%        5
 Lee's Rapid Deconstruct  Erth           #.........   100%        5
 Metabolic Englaciation   Hex/Ice        #.........   100%        5
 Summon Forest            Summ/Tloc      #.........   100%        5
 Summon Hydra             Summ           #.........   100%        7


Dungeon Overview and Level Annotations

Branches:
Dungeon (10/15)            Temple (0/1) D:6            Lair (5/6) D:10
  Swamp (0/4) Lair:3       Spider (0/4) Lair:2        Slime (0/5) Lair:5
    Orc (0/2) D:10        Volcano (visited)

Altars:
Dithmenos
Gozag
Kikubaaqudgha
Makhleb
Okawaru
Qazlal
Sif Muna
Xom
Yredelemnul
Beogh
Jiyva


Innate Abilities, Weirdness & Mutations

You cannot wear boots.
Your serpentine skin is tough. (AC +4)
You have supernaturally acute eyesight. (SInv)
Armour fits poorly on your strangely shaped body.
Your system is resistant to poisons. (rPois)
You cover ground very slowly.
You can exhale a cloud of poison.
You can use your snake-like lower body to constrict enemies.
Your tail ends in a poisonous barb.
You are partially covered in molten scales. (AC +2)
You possess an exceptional clarity of mind.
Your flesh is cold resistant. (rC+)
You are weak. (Str -2)
You evolve.


Message History

The yak gores you. x2
* * * LOW HITPOINT WARNING * * *
The yak gores you!
* * * LOW HITPOINT WARNING * * *
The yak gores you!
* * * LOW HITPOINT WARNING * * *
The yak gores you but does no damage.
Your transformation is almost over.
The yak gores you. The yak gores you!
* * * LOW HITPOINT WARNING * * *
The yak gores you but does no damage. The yak gores you.
* * * LOW HITPOINT WARNING * * *
The yak gores you!
* * * LOW HITPOINT WARNING * * *
The yak gores you!
* * * LOW HITPOINT WARNING * * *
The yak gores you but does no damage. The yak gores you!
* * * LOW HITPOINT WARNING * * *
The yak gores you.
You die...

....#..#.........'.###.P......##
....#............### ###P....#.#
...+..##.(#.P....# #.....###
...#P####.#.P....# ##..P##
.P.### ###......# #.#..## ..##
#.......# ##..#.# #.#
#P.....###### ##'#..## ..#
####...Y##.#P###...>..##
.########......Y@#.....'.......#
..##..#.###<...YYY#...##.......#
.........##..........###......##
P##.#P##<.....b.....## #......#
.######............P.# #......#
## ##.....<..P....#######+.# #
#..............# ##.##
#......#......## ##..#
#...^........## #...#


You could see 5 yaks.

Vanquished Creatures
  A stone giant (Volcano)
  3 hydras
  The ghost of kal9871 the Covert, a journeyman KoEn of Nemelex Xobeh (D:10)
  Nergalle (Lair:2)
  The ghost of Ishrent the Martial Artist, a novice DsWn of Gozag (Lair:1)
  2 oklob plants (Lair:1)
  6 elephants
  2 cane toads
  A torpor snail (Lair:5)
  An efreet (Volcano)
  7 rime drakes
  3 komodo dragons
  A polar bear (Lair:2)
  A troll (D:9)
  4 dream sheep (Lair:4)
  11 blink frogs
  9 hippogriffs
  Sigmund (D:2)
  9 yaks
  7 wyverns
  4 basilisks
  3 fire elementals (Volcano)
  Grum (D:9)
  Edmund (D:5)
  9 water moccasins
  2 hydra simulacra (Lair:1)
  6 porcupines
  10 orc warriors
  2 phantoms
  2 ice beasts (D:6)
  A sky beast (D:5)
  21 wolves
  3 centaurs
  5 ogres
  4 crocodiles
  A big kobold (D:5)
  2 earth elementals (Volcano)
  5 bullfrogs
  A cane toad simulacrum (Lair:1)
  8 scorpions
  A wyvern skeleton (D:6)
  4 killer bees
  A howler monkey (D:10)
  2 centaur zombies
  3 jellies
  A komodo dragon simulacrum (Lair:1)
  A centaur skeleton (D:7)
  Crazy Yiuf (D:4)
  A bullfrog skeleton (D:8)
  4 hounds
  9 orc priests
  A water moccasin simulacrum (Lair:1)
  7 orc wizards
  10 worker ants
  A killer bee zombie (D:8)
  A hound zombie (D:8)
  A porcupine simulacrum (Lair:1)
  A hound skeleton (D:7)
  A howler monkey zombie (D:5)
  4 worker ant zombies
  4 gnolls (D:8)
  12 adders
  2 shadow imps (D:5)
  2 white imps
  2 ufetubi
  3 adder skeletons
  4 worms
  2 dart slugs
  4 leopard geckos
  53 orcs
  6 giant cockroaches
  5 goblins
  5 hobgoblins
  5 jackals
  A quokka (D:8)
  3 ball pythons
  5 bats
  5 frilled lizards
  A jackal skeleton (D:4)
  15 kobolds
  6 rats
  A butterfly (Lair:4)
  A fungus (Lair:5)
365 creatures vanquished.

Vanquished Creatures (others)
  A fungus (Lair:4)
  4 plants
5 creatures vanquished.

Grand Total: 370 creatures vanquished

Notes
Turn   | Place    | Note
-------+----------+-------------------------------------------
     0 | D:1      | slayr the Naga Transmuter began the quest for the Orb.
     0 | D:1      | Reached XP level 1. HP: 18/18 MP: 3/3
   598 | D:1      | Reached XP level 2. HP: 25/25 MP: 3/5
   694 | D:1      | Reached skill level 1 in Stealth
   866 | D:1      | Learned a level 2 spell: Wereblood
  1607 | D:2      | Reached XP level 3. HP: 30/31 MP: 4/6
  1950 | D:2      | Noticed Sigmund
  1954 | D:2      | Gained mutation: You evolve. [potion of mutation]
  1954 | D:2      | Gained mutation: You possess an exceptional clarity of
                  | mind. [potion of mutation]
  1963 | D:2      | Killed Sigmund
  1963 | D:2      | Reached XP level 4. HP: 15/40 MP: 6/8
  1963 | D:2      | Reached XP level 5. HP: 17/46 MP: 6/9
  2157 | D:2      | Learned a level 3 spell: Spider Form
  2286 | D:2      | Found an iron altar of Okawaru.
  2294 | D:2      | Became a worshipper of Warmaster Okawaru
  2820 | D:3      | Noticed an ogre
  2830 | D:3      | Reached skill level 1 in Poison Magic
  2851 | D:3      | Reached XP level 6. HP: 53/55 MP: 8/10
  2880 | D:3      | Reached skill level 4 in Unarmed Combat
  2899 | D:3      | Found a burning altar of Makhleb.
  3054 | D:3      | Found a basalt altar of Yredelemnul.
  3061 | D:3      | Found an opulent altar of Gozag.
  3496 | D:3      | Gained mutation: You are partially covered in molten
                  | scales. (AC +2) [evolution]
  3816 | D:4      | Found a stormy altar of Qazlal.
  4174 | D:4      | Found a runed translucent door.
  4175 | D:4      | Noticed Crazy Yiuf
  4543 | D:4      | Killed Crazy Yiuf
  4686 | D:5      | Entered Level 5 of the Dungeon
  4703 | D:5      | Learned a level 5 spell: Blade Hands
  4771 | D:5      | HP: 2/55 [worker ant (5)]
  4773 | D:5      | Reached XP level 7. HP: 9/61 MP: 7/11
  5082 | D:4      | Reached * piety under Okawaru
  5250 | D:5      | Found a shimmering altar of Xom.
  5257 | D:5      | Noticed Edmund
  5285 | D:5      | Killed Edmund
  5374 | D:4      | Gained mutation: You can exhale a cloud of poison.
                  | [evolution]
  5642 | D:5      | Reached skill level 5 in Transmutations
  5642 | D:5      | Reached XP level 8. HP: 70/70 MP: 9/12
  5674 | D:5      | Found a shadowy altar of Dithmenos.
  5812 | D:5      | Reached ** piety under Okawaru
  6305 | D:5      | Reached skill level 5 in Unarmed Combat
  6415 | D:6      | Gained mutation: Your flesh is cold resistant. (rC+)
                  | [evolution]
  6750 | D:6      | Found a shimmering blue altar of Sif Muna.
  7171 | D:6      | Found a staircase to the Ecumenical Temple.
  7706 | D:7      | Reached skill level 5 in Fighting
  7706 | D:7      | Reached XP level 9. HP: 61/81 MP: 13/13
  7844 | D:7      | Reached skill level 6 in Unarmed Combat
  8055 | D:7      | Found an ancient bone altar of Kikubaaqudgha.
  8978 | D:8      | Reached *** piety under Okawaru
  9081 | D:8      | Gained mutation: Your tail ends in a poisonous barb.
                  | [evolution]
  9847 | D:9      | Noticed Grum
  9863 | D:9      | Killed Grum
  9863 | D:9      | Reached skill level 7 in Unarmed Combat
  9955 | D:9      | Reached XP level 10. HP: 81/92 MP: 14/14
 10272 | D:9      | Reached **** piety under Okawaru
 10295 | D:9      | Found a roughly hewn altar of Beogh.
 10848 | D:10     | Entered Level 10 of the Dungeon
 10985 | D:10     | Found a staircase to the Lair.
 10992 | D:10     | Noticed an elephant
 11016 | D:10     | Killed an elephant
 11016 | D:10     | Reached skill level 10 in Transmutations
 11022 | D:10     | Received a gift from Okawaru
 11022 | D:10     | Reached skill level 8 in Unarmed Combat
 11623 | D:10     | Found a staircase to the Orcish Mines.
 11673 | D:10     | Found a roughly hewn altar of Beogh.
 11688 | D:10     | Reached skill level 1 in Armour
 12107 | D:10     | Found a runed translucent door.
 12107 | D:10     | Noticed kal9871's ghost (journeyman KoEn)
 12139 | D:10     | Killed kal9871's ghost
 12369 | D:10     | Reached XP level 11. HP: 100/103 MP: 15/15
 12449 | Lair:1   | Entered Level 1 of the Lair of Beasts
 12456 | Lair:1   | Noticed Ishrent's ghost (novice DsWn)
 12572 | Lair:1   | Noticed an oklob plant
 12663 | Lair:1   | Noticed an oklob plant
 12682 | Lair:1   | Reached ***** piety under Okawaru
 12730 | Lair:1   | Noticed an eight-headed hydra
 12737 | Lair:1   | Learned a level 4 spell: Ice Form
 12740 | Lair:1   | Found a runed translucent gate.
 12747 | Lair:1   | Killed an eight-headed hydra
 12747 | Lair:1   | Reached skill level 9 in Unarmed Combat
 12888 | Lair:1   | Found a runed translucent gate.
 12889 | Lair:1   | Found a runed translucent gate.
 12924 | Lair:1   | Reached skill level 1 in Invocations
 13551 | Lair:1   | Killed Ishrent's ghost
 13554 | Lair:1   | Reached skill level 5 in Invocations
 13919 | Lair:1   | Killed an oklob plant
 13923 | Lair:1   | Killed an oklob plant
 13923 | Lair:1   | Received a gift from Okawaru
 14412 | Lair:2   | Found a dark tunnel.
 14421 | Volcano  | Entered a volcano
 14755 | Volcano  | Noticed a stone giant
 14763 | Volcano  | Killed a stone giant
 14763 | Volcano  | Reached XP level 12. HP: 57/112 MP: 9/17
 15139 | Lair:2   | Reached skill level 10 in Unarmed Combat
 15248 | Lair:2   | Noticed Nergalle
 15262 | Lair:2   | Killed Nergalle
 15295 | Lair:2   | Found a hole to the Spider Nest.
 16084 | Lair:2   | Noticed a five-headed hydra
 16376 | Lair:2   | HP: 8/172 [six-headed hydra (6)]
 16377 | Lair:2   | Killed a six-headed hydra
 16377 | Lair:2   | Reached skill level 5 in Dodging
 16784 | Lair:3   | Reached skill level 11 in Unarmed Combat
 16990 | Lair:3   | Received a gift from Okawaru
 17124 | Lair:3   | Found a staircase to the Swamp.
 17350 | Lair:3   | Reached skill level 5 in Armour
 17813 | Lair:4   | Gained mutation: You can use your snake-like lower body to
                  | constrict enemies. [Naga growth]
 17813 | Lair:4   | Reached XP level 13. HP: 66/123 MP: 13/18
 18173 | Lair:4   | Identified a scroll of acquirement
 18173 | Lair:4   | Acquired a book of Alchemy
 18179 | Lair:4   | Learned a level 3 spell: Ignite Poison
 18235 | Lair:4   | Got a brightly glowing crystal amulet
 18241 | Lair:4   | Identified the amulet of Bithries {Spirit *Corrode +Fly
                  | Dex+3} (You found it on level 4 of the Lair of Beasts)
 18343 | Lair:4   | Reached skill level 10 in Fighting
 19019 | Lair:4   | Acquired a Fen Folio
 19116 | Lair:5   | Found a staircase to the Slime Pits.
 19116 | Lair:5   | Found a viscous altar of Jiyva.
 19205 | Lair:5   | Reached skill level 12 in Unarmed Combat
 19509 | Lair:5   | Received a gift from Okawaru
 19865 | Lair:4   | Gained mutation: You are weak. (Str -2) [evolution]
 19894 | Lair:4   | HP: 4/123 [yak[a torpor snail] (4)]
 19894 | Lair:4   | HP: 1/123 [yak[a torpor snail] (3)]
 19894 | Lair:4   | Slain by a yak

Illustrated notes

Levels and vault maps discovered:
D:1:      sevenhm_arrival_forest_fort_small_5, layout_loops_corners,
          minmay_misc_feat_diagonals
D:2:      minmay_alternating_diamond, layout_basic, okawaru_metal_pillars_1_2,
          uniq_sigmund
D:3:      kennysheep_six_static_rooms, layout_basic,
          amethyst_overflow_temple_binary, serial_bayou_pond_a,
          chequers_serial_rivers_room_b, minivault_27, bloody_makhleb
D:4:      layout_gridville, kennysheep_mini_moat, serial_bayou_ford_a,
          hangedman_abyss_or_decor_stagger, uniq_crazy_yiuf_cottage
D:5:      layout_basic, nicolae_overflow_hidden_temple,
          overflow_temple_1_default, minmay_misc_feat_enclosed,
          kennysheep_boxes, uniq_edmund
D:6:      layout_rooms, minmay_temple_entry_slanted, nrook_mini_backslash,
          led_sif_book
D:7:      layout_basic, nicolae_overflow_crystal_walls, minmay_holes
D:8:      layout_rooms, corexii_hall_statues_s
D:9:      layout_basic, special_room [special_room_orc], uniq_grum
D:10:     layout_loops_corners, david_lair_generic,
          minmay_orc_entry_temple_small, gammafunk_ghost_grave,
          kennysheep_small_square
Lair:1:   layout_roguey, gammafunk_ghost_icy, fungi_pond_lemuel,
          minmay_lair_oklob_chamber
Lair:2:   layout_regular_city, nicolae_spider_entry_non_spiders,
          nicolae_volcano_entry_s_turn, grunt_megastairs_5, uniq_nergalle
Lair:3:   layout_regular_city, swamp_mist, grunt_megastairs_3
Lair:4:   layout_roguey, lemuel_fruit_fields
Lair:5:   layout_hall_layers, slime_altar_1, special_room
          [special_room_mythical_zoo], grunt_megastairs_1

Skill      XL: |  1  2  3  4  5  6  7  8  9 10 11 12 13 |
---------------+----------------------------------------+-----
Stealth        | 1 3 |  3.4
Fighting       | 2 3 5 6 8 9 10 | 10.3
Transmutations | 3 5 7 9 10 | 10.0
Spellcasting   | 3 |  3.2
Poison Magic   | 1 3 4 |  4.3
Unarmed Combat | 4 5 7 8 9 11 12 | 12.2
Dodging        | 2 3 5 6 |  6.1
Armour         | 2 3 5 |  5.7
Invocations    | 7 |  7.0

Action                   |  1- 3 |  4- 6 |  7- 9 | 10-12 | 13-15 || total
-------------------------+-------+-------+-------+-------+-------++-------
Melee: Unarmed           |    91 |   191 |   399 |   443 |    70 ||  1194
       Headbutt          |     8 |    19 |    22 |     2 |       ||    51
       Punch             |     1 |     2 |     9 |    15 |     5 ||    32
       Tailslap          |       |       |     9 |    43 |     9 ||    61
       Constrict         |       |       |       |       |    15 ||    15
Throw: Stone             |     1 |     2 |       |       |       ||     3
 Cast: Beastly Appendage |    15 |    25 |    17 |     3 |       ||    60
       Wereblood         |       |     1 |       |       |       ||     1
       Spider Form       |       |     3 |    10 |    12 |     3 ||    28
       Blade Hands       |       |       |       |    22 |     5 ||    27
       Ice Form          |       |       |       |     1 |     1 ||     2
       Ignite Poison     |       |       |       |       |     3 ||     3
Invok: Heroism           |       |       |     1 |     7 |       ||     8
       Finesse           |       |       |       |     3 |       ||     3
 Abil: Spit Poison       |     2 |     5 |     1 |       |       ||     8
       Breathe Poison Ga |       |       |    27 |    26 |     9 ||    62
       End Transformatio |       |       |       |     1 |       ||     1
Evoke: Wand              |       |     1 |     7 |     5 |       ||    13
       Box of beasts     |       |       |       |     1 |       ||     1
  Use: Scroll            |     4 |     5 |    10 |    10 |     3 ||    32
       Potion            |     3 |     4 |       |     1 |     1 ||     9
 Stab: Sleeping          |       |     5 |     2 |     4 |     1 ||    12
       Distracted        |       |       |       |     2 |       ||     2
Armor: Robe              |     6 |    66 |   133 |       |       ||   205
       Skin              |       |     2 |    15 |     7 |     4 ||    28
       Animal skin       |       |       |       |    63 |       ||    63
       Leather armour    |       |       |       |   109 |    48 ||   157
Dodge: Dodged            |    44 |   109 |   218 |   311 |    86 ||   768

Table legend: (Time is in decaauts)
 A = Elapsed time spent in this place.
 B = Non-inter-level travel time spent in this place.
 C = Inter-level travel time spent in this place.
 D = Time resting spent in this place.
 E = Time spent auto-exploring this place.
 F = Levels seen in this place.
 G = Mean time per level.
                   A        B        C        D        E       F      G
               +--------+--------+--------+--------+--------+-----+--------+
         Total |  23457 |  22556 |    901 |   6127 |  13183 |  16 | 1466.1 |
       Dungeon |  14925 |  14342 |    583 |   3120 |   9020 |  10 | 1492.5 |
          Lair |   7857 |   7539 |    318 |   2633 |   4002 |   5 | 1571.4 |
       Volcano |    673 |    673 |      0 |    373 |    160 |   1 |  673.0 |
               +--------+--------+--------+--------+--------+-----+--------+

Top non-repeatable levels by time:
  Lair:1: 2197 daAuts
     D:4: 2095 daAuts
  Lair:2: 2029 daAuts
  Lair:4: 1939 daAuts
    D:10: 1882 daAuts
     D:1: 1707 daAuts
  Lair:3: 1549 daAuts
     D:2: 1469 daAuts
     D:6: 1417 daAuts
     D:5: 1413 daAuts
     D:8: 1300 daAuts
     D:9: 1294 daAuts
     D:7: 1250 daAuts
     D:3: 1095 daAuts
 Volcano: 673 daAuts
